Map: King Sejong Station LE

Players

Vladon - Winner!

  • Race: Zerg Zerg
  • League: Silver

Gracz

  • Race: Zerg Zerg
  • League: Silver

VOD

Have the link to the VOD?

Description

Time

  • Played on: Oct. 23, 2016, 1:27 p.m.
  • Length: 3:48
Show
View Real Time Build Order
Export as new Build Order

Vladon Zerg - Winner!

Build Orders: Pool First 

Get SALT Encoding   

  12  0:19  Spawning Pool  
  11  0:22  Drone  
  11  0:26  Drone  
  13  0:30  Drone  
  14  0:36  Extractor  
  14  0:38  Drone  
  14  0:45  Extractor  
  14  0:46  Drone  
  15  0:55  Overlord  
  15  1:12  Queen  
  15  1:13  Zergling x2  
  18  1:24  Zergling x2  
  19  1:29  Zergling x2  
  20  1:38  Zergling x2  
  21  1:49  Zergling x2  
  22  2:02  Unknown, Drone, Hatchery  
  22  2:10  Overlord  
  22  2:16  Metabolic Boost  
  22  2:30  Zergling x6  
  22  2:33  Zergling x2  
  25  2:52  Zergling x4  
  27  3:04  Zergling x2  
  28  3:13  Unknown  
  28  3:22  Zergling x2  
  29  3:30  Zergling x2  
Show
View Real Time Build Order
Export as new Build Order

Gracz Zerg 

Build Orders: Hatch First 

Get SALT Encoding   

  12  0:01  Drone  
  13  0:12  Drone  
  14  0:22  Overlord  
  14  0:47  Unknown, Hatchery  
  13  0:54  Drone  
  13  0:55  Drone x2  
  16  1:13  Spawning Pool  
  16  1:16  Extractor, Drone  
  15  1:24  Overlord  
  15  1:37  Drone  
  16  1:42  Drone  
  17  1:51  Drone  
  18  1:58  Unknown  
  18  2:01  Queen x2  
  18  2:05  Drone x2  
  24  2:09  Extractor  
  24  2:10  Drone  
  24  2:22  Drone x2  
  26  2:32  Drone  
  27  2:46  Zergling x2  
  27  2:47  Zergling x6  
  25  3:19  Drone x7  
  33  3:47  Spine Crawler  
Tags
 
Add a new tag
Caveats
  • Supply blocks, unpowered buildings, or Contaminate may cause inaccurate times.
  • Supply counts are checked every 10 seconds.